Map: Ruins of Seras

Players

Lowko - Winner!

  • Race: Zerg Zerg
  • League: Master

Defolt

  • Race: Terran Terran
  • League: Master

VOD

Have the link to the VOD?

Description

Time

  • Played on: March 12, 2016, 12:25 p.m.
  • Length: 11:25
Show
View Real Time Build Order
Export as new Build Order

Lowko Zerg - Winner!

Build Orders: Hatch First, Muta Ling Bane 

Get SALT Encoding   

  12  0:01  Drone  
  13  0:12  Overlord  
  13  0:18  Drone  
  14  0:31  Drone x2  
  16  0:35  Drone  
  17  0:45  Drone  
  18  0:57  Drone  
  19  1:03  Hatchery  
  18  1:06  Drone  
  19  1:15  Extractor  
  18  1:18  Drone  
  19  1:27  Spawning Pool  
  19  1:28  Drone  
  19  1:40  Drone  
  20  1:52  Overlord  
  20  2:04  Drone  
  21  2:11  Drone  
  21  2:15  Drone  
  23  2:16  Queen x2  
  23  2:18  Metabolic Boost  
  27  2:26  Zergling x4  
  27  2:29  Extractor x2  
  27  2:30  Spore Crawler  
  27  2:34  Drone, Spore Crawler  
  27  2:36  Drone  
  27  2:43  Spore Crawler  
  27  2:45  Drone  
  27  2:49  Drone  
  31  2:57  Drone  
  31  2:58  Queen  
  35  3:06  Extractor, Queen  
  35  3:07  Overlord  
  37  3:13  Overlord  
  37  3:26  Drone x6  
  43  3:28  Drone  
  44  3:37  Drone x3  
  44  3:39  Drone  
  48  3:48  Drone  
  48  3:52  Hatchery  
  48  3:56  Drone x2  
  48  3:58  Extractor  
  48  4:00  Extractor  
  48  4:04  Drone x4  
  52  4:11  Overlord  
  52  4:15  Lair  
  52  4:16  Spine Crawler  
  51  4:22  Overlord  
  51  4:26  Zergling x2  
  51  4:27  Overlord  
  52  4:37  Zergling x2  
  52  4:38  Zergling x8  
  57  4:46  Extractor, Drone x2  
  57  4:47  Drone x2  
  57  4:52  Drone  
  61  4:55  Drone x2  
  63  5:01  Drone x3  
  63  5:07  Drone x2  
  60  5:27  Drone x9  
  60  5:28  Drone  
  60  5:39  Drone x3  
  60  5:48  Drone x3  
  63  5:51  Drone  
  63  5:55  Spire  
  63  5:58  Extractor  
  63  5:59  Extractor  
  61  6:06  Drone  
  61  6:07  Drone x3  
  65  6:13  Drone x3  
  65  6:14  Drone x3  
  65  6:16  Drone  
  65  6:17  Drone  
  73  6:31  Overlord  
  73  6:34  Overlord  
  73  6:35  Overlord x2  
  73  6:41  Overlord x3  
  73  6:42  Evolution Chamber x2  
  73  6:44  Baneling Nest  
  73  6:45  Queen  
  72  6:59  Overlord x2  
  74  7:01  Drone x4  
  74  7:02  Drone  
  77  7:08  Mutalisk  
  77  7:09  Mutalisk x6  
  77  7:14  Zerg Melee Weapons Level 1, Zerg Ground Armor Level 1  
  91  7:15  Zerg Flyer Weapons Level 1  
  91  7:16  Mutalisk x2  
  91  7:20  Mutalisk  
  91  7:21  Mutalisk x4  
  105  7:26  Zergling x2  
  105  7:29  Centrifical Hooks  
  106  7:31  Mutalisk x2  
  106  7:34  Zergling x6  
  106  7:35  Zergling x2  
  114  7:41  Zergling x6  
  114  7:43  Baneling  
  117  7:47  Zergling x4  
  117  7:48  Zergling x2  
  120  7:57  Zergling x4  
  120  8:03  Zergling x8  
  120  8:04  Zergling x6  
  127  8:15  Mutalisk x3  
  133  8:23  Overlord  
  133  8:24  Overlord  
  133  8:33  Zergling x10  
  133  8:34  Zergling x6  
  127  8:36  Hatchery  
  123  8:41  Mutalisk x2  
  123  8:45  Baneling x7  
  127  8:56  Mutalisk x3  
  127  8:57  Mutalisk x4  
  127  8:59  Zergling x4  
  143  9:05  Overlord x2  
  143  9:10  Hatchery  
  143  9:15  Zergling x6  
  145  9:22  Baneling x4  
  145  9:23  Baneling x13  
  143  9:26  Zergling x14  
  143  9:27  Zergling x4  
  152  9:35  Zergling x4  
  152  9:46  Overlord x3  
  152  9:47  Pneumatized Carapace  
  152  9:48  Overseer  
  152  9:49  Overseer  
  152  9:55  Zergling x22  
  163  10:07  Overlord x2  
  163  10:09  Overlord  
  163  10:13  Infestation Pit  
  162  10:15  Overlord  
  162  10:16  Zergling x2  
  162  10:17  Zergling x6  
  166  10:27  Zergling x2  
  166  10:28  Zergling x14  
  174  10:39  Zergling x2  
  174  10:42  Zergling x12  
  181  10:52  Overlord  
  181  10:56  Zergling x12  
  181  10:57  Zergling x2  
  188  10:58  Baneling  
  188  10:59  Baneling x11  
Show
View Real Time Build Order
Export as new Build Order

Defolt Terran 

Build Orders: Liberator Opening, Reaper Expand 

Get SALT Encoding   

  12  0:01  SCV  
  13  0:13  SCV  
  14  0:18  Supply Depot  
  14  0:25  SCV  
  15  0:40  SCV  
  15  0:41  Barracks  
  16  0:46  Refinery  
  16  0:53  SCV  
  17  1:05  SCV  
  18  1:17  SCV  
  19  1:29  Reaper  
  19  1:31  Orbital Command  
  20  1:44  Command Center  
  20  1:53  Supply Depot  
  20  1:57  SCV  
  20  2:00  Marine  
  22  2:09  SCV  
  22  2:13  Factory  
  23  2:21  Refinery, SCV  
  24  2:23  Barracks Reactor  
  24  2:36  SCV  
  25  2:48  SCV  
  26  2:58  Starport  
  26  2:59  Orbital Command  
  26  3:00  SCV  
  27  3:09  Barracks Tech Lab, Hellion x2  
  27  3:12  SCV  
  32  3:24  Liberator, SCV  
  33  3:29  SCV  
  33  3:30  Hellion x2  
  33  3:32  Supply Depot  
  37  3:34  Marine  
  37  3:36  SCV  
  42  3:45  SCV  
  43  3:48  SCV  
  43  3:53  Supply Depot  
  44  3:57  Hellion, SCV  
  44  4:00  SCV  
  44  4:01  Hellion  
  50  4:07  Marine  
  50  4:09  Stimpack  
  52  4:10  SCV  
  52  4:12  SCV  
  53  4:22  SCV  
  53  4:24  Supply Depot, SCV  
  54  4:25  Supply Depot  
  54  4:27  Viking  
  57  4:34  SCV  
  57  4:37  SCV  
  59  4:39  Factory Tech Lab  
  59  4:42  Marine  
  60  4:46  SCV  
  60  4:48  Command Center  
  60  4:52  SCV  
  62  4:58  Barracks, SCV  
  63  5:02  Barracks  
  63  5:04  Starport Reactor  
  63  5:08  SCV  
  63  5:10  SCV  
  63  5:11  Engineering Bay  
  63  5:14  Engineering Bay  
  63  5:19  Marine  
  63  5:20  SCV  
  65  5:22  SCV  
  58  5:30  Refinery x2  
  58  5:32  SCV  
  58  5:34  SCV  
  58  5:37  Marine  
  59  5:43  Terran Infantry Armor Level 1, Terran Infantry Weapons Level 1  
  59  5:45  SCV  
  59  5:46  SCV  
  59  5:47  Marine x2  
  63  5:51  Starport Reactor  
  63  5:55  Marine  
  63  5:57  SCV  
  65  5:58  SCV  
  65  6:01  Siege Tank  
  69  6:05  Marine x2  
  69  6:09  SCV  
  69  6:11  SCV  
  73  6:12  Marine  
  73  6:13  Armory  
  74  6:18  Supply Depot  
  74  6:19  Barracks  
  74  6:20  Barracks  
  74  6:21  Marine x2  
  74  6:23  SCV x2  
  78  6:28  Orbital Command  
  78  6:30  Marine, Medivac  
  81  6:32  Medivac  
  81  6:33  Marine  
  81  6:35  SCV x2  
  86  6:46  Supply Depot  
  87  6:47  SCV x2  
  87  6:48  Supply Depot  
  87  6:52  Marine x4  
  92  6:56  Siege Tank  
  92  6:57  SCV  
  92  6:59  SCV x2  
  98  7:09  Barracks Tech Lab, Barracks Reactor  
  98  7:11  SCV x3  
  98  7:13  Marine x3, Marauder  
  98  7:14  Medivac  
  108  7:20  Refinery  
  108  7:21  Refinery  
  108  7:23  SCV  
  108  7:27  Terran Ship Weapons Level 1, Widow Mine  
  111  7:30  Marine x2, Marauder  
  111  7:33  Marine x2  
  117  7:38  Terran Infantry Armor Level 2, Terran Infantry Weapons Level 2  
  117  7:48  Marine  
  117  8:00  Missile Turret x2  
  117  8:08  Marine x3  
  117  8:09  Marine x2, Missile Turret  
  117  8:10  Supply Depot x2, Siege Tank, Marauder  
  124  8:16  Barracks  
  124  8:18  Barracks  
  124  8:19  Barracks  
  124  8:30  Marauder  
  124  8:31  Medivac x2  
  125  8:39  Marine x6, Marauder  
  119  8:51  Marauder  
  121  8:56  Marine  
  121  8:57  Marine x2  
  121  9:01  Marauder  
  121  9:02  Starport, Medivac x2  
  130  9:05  Barracks Tech Lab, Command Center, Barracks Reactor  
  130  9:06  Factory Reactor  
  130  9:10  Barracks Tech Lab  
  130  9:12  Marauder  
  124  9:20  SCV x2  
  124  9:22  Marauder  
  116  9:32  Missile Turret  
  116  9:33  Missile Turret x2  
  116  9:34  Missile Turret x2  
  116  9:35  Missile Turret  
  116  9:36  Liberator  
  116  9:40  Marine x2  
  116  9:41  Marine x2  
  116  9:43  Marine  
  116  9:44  Marine x4  
  124  9:52  Marine x3  
  128  10:13  SCV x2  
  130  10:20  Marine x8  
  130  10:21  Marine  
  139  10:23  Starport Reactor  
  137  10:32  Missile Turret  
  124  10:44  Marine x7  
  124  10:45  Marine  
  131  10:53  Missile Turret  
  131  10:54  Marine  
  131  10:55  Marine  
  133  10:57  Missile Turret  
Tags
 
Add a new tag
Caveats
  • Supply blocks, unpowered buildings, or Contaminate may cause inaccurate times.
  • Supply counts are checked every 10 seconds.